 Dungeon Crawl Stone Soup version 0.29-a0-333-gb4c28e87c6 (webtiles) character file.

Game seed: 6809925066588058934

167 Jortsu the Covered (level 5, 40/40 (41) HPs)
             Began as a Demonspawn Fighter on Apr 13, 2022.
             Was a Follower of Uskayaw.
             Quit the game on level 3 of the Dungeon.
             The game lasted 00:02:53 (2774 turns).

Jortsu the Covered (Demonspawn Fighter)             Turns: 2774, Time: 00:02:54

HP:   40/40 (41)    AC: 11    Str: 19    XL:     5   Next: 23%
MP:   5/5           EV:  7    Int:  9    God:    Uskayaw [*.....]
Gold: 101           SH:  4    Dex: 12    Spells: 4/4 levels left

rFire   . . .      SeeInvis .   a - +0 war axe
rCold   . . .      Faith    .   c - +0 buckler
rNeg    . . .      Spirit   .   j - +0 chain mail
rPois   .          Reflect  .   (helmet restricted)
rElec   .          Harm     .   (no cloak)
rCorr   .          Rampage  .   b - +1 pair of gloves
Will    .....                   (no boots)
Stlth   ..........              (no amulet)
HPRegen 0.13/turn               (no ring)
MPRegen 0.09/turn               (no ring)

@: lightly drained
A: horns 2, powered by pain 1
a: Renounce Religion, Stomp


You were on level 3 of the Dungeon.
You worshipped Uskayaw.
Uskayaw was noncommittal.
You visited 1 branch of the dungeon, and saw 3 of its levels.

You collected 101 gold pieces.

Inventory:

Hand Weapons
 a - a +0 war axe (weapon)
Armour
 b - a +1 pair of gloves (worn)
 c - a +0 buckler (worn)
 j - a +0 chain mail (worn)
Jewellery
 i - an amulet of faith
 k - a ring of fire
Scrolls
 e - a scroll of teleportation
 f - a scroll of fear
 o - a scroll of enchant armour
 p - a scroll of magic mapping {unknown}
Potions
 d - a potion of might
 g - a potion of heal wounds {unknown}
 h - a potion of ambrosia {unknown}
 l - a potion of curing
 m - a potion of berserk rage {unknown}
 n - a potion of haste {unknown}


   Skills:
 + Level 3.5 Fighting
 + Level 3.1 Axes
 + Level 3.8 Armour
 + Level 0.4 Dodging
 + Level 0.5 Stealth
 + Level 3.1 Shields


You had 4 spell levels left.
You didn't know any spells.
Your spell library contained the following spells:

 Spells                   Type           Power      Damage    Failure   Level
 Animate Armour           Summ/Erth      0%         N/A       100%        4
 Blade Hands              Tmut           0%         N/A       100%        5
 Iron Shot                Conj/Erth      0%         9d1       100%        6


Dungeon Overview and Level Annotations

Branches:
Dungeon (3/15)

Altars:
Uskayaw


Innate Abilities, Weirdness & Mutations

You have a pair of horns on your head.
You sometimes gain a little power by taking damage.


Message History

A spectral hobgoblin comes into view.
The bat hits you but does no damage.
You barely miss the bat. You headbutt the bat, but do no damage.
The bat hits you.
Found a hunting sling and a scroll labelled ZAZXAOMAIFO.
Found a faded altar of an unknown god.
The bat hits you but does no damage. The bat barely misses you.
You block the bat's attack.
You miss the bat. You headbutt the bat, but do no damage.
The bat hits you but does no damage. The spectral hobgoblin hits you.
You feel drained.
The spectral hobgoblin attacks as you move away!
The spectral hobgoblin closely misses you.
The bat hits you but does no damage.
The spectral hobgoblin attacks as you move away!
The spectral hobgoblin barely misses you.
You hit the spectral hobgoblin.
The spectral hobgoblin is severely damaged.
The spectral hobgoblin barely misses you.
You slash the spectral hobgoblin!
You destroy the spectral hobgoblin!
The bat barely misses you.
You closely miss the bat. The bat hits you but does no damage.
The bat barely misses you. The bat hits you but does no damage.
You hit the bat.
The bat is moderately wounded.
The bat hits you. The bat hits you but does no damage. x2
You barely miss the bat. You headbutt the bat.
You kill the bat!
You enter the shallow water.
Moving in this stuff is going to be slow.
You open the gate.
There is an open gate here.
You enter the shallow water.
Moving in this stuff is going to be slow.
There is a faded altar of an unknown god here.
You cannot tell which god this altar belongs to.
Convert to them anyway?
Uskayaw accepts your prayer! Uskayaw welcomes you!
You can now stomp with the beat.
Are you sure you want to abandon this character and quit the game? (Confirm with "yes".)

######## ...... ≈.≈.≈
### ...####..#
≈#8.####≈##≈8#≈.# ######
≈≈.≈≈≈≈@≈≈≈.≈#≈. .....
≈≈##≈.≈...≈###.######...
#≈.≈..)≈#≈......#....
#..≈≈≈..#≈....#.#....
#≈≈≈≈.≈≈#≈...........
...#≈'''##≈......##.##.
##≈≈≈≈..≈≈≈...........#
...........##.###.#.##.
#######....##.# #.#.##.


There were no monsters in sight!

Vanquished Creatures
  A sky beast (D:3)
  3 adders (D:2)
  A dart slug (D:1)
  An orc (D:3)
  8 ball pythons
  6 bats
  5 endoplasms
  2 giant cockroaches
  2 goblins
  A hobgoblin (D:2)
  A quokka (D:2)
  2 frilled lizards (D:1)
  6 kobolds
  2 rats
  A spectral hobgoblin (D:3)
42 creatures vanquished.

Notes
Turn   | Place    | Note
-------+----------+-------------------------------------------
     0 | D:1      | Jortsu the Demonspawn Fighter began the quest for the Orb.
     0 | D:1      | Reached XP level 1. HP: 18/18 MP: 1/1
   536 | D:1      | Gained mutation: You have a pair of small horns on your
                  | head. [demonic ancestry]
   536 | D:1      | Reached XP level 2. HP: 24/24 MP: 2/2
  1488 | D:2      | Gained mutation: You have a pair of horns on your head.
                  | [demonic ancestry]
  1488 | D:2      | Reached XP level 3. HP: 24/29 MP: 3/3
  2315 | D:3      | Noticed a sky beast
  2328 | D:3      | Killed a sky beast
  2329 | D:3      | Reached XP level 4. HP: 19/35 MP: 4/4
  2329 | D:3      | Gained mutation: You sometimes gain a little power by
                  | taking damage. [demonic ancestry]
  2329 | D:3      | Reached XP level 5. HP: 22/41 MP: 5/5
  2746 | D:3      | Found a faded altar of an unknown god.
  2773 | D:3      | Prayed at the altar of an unknown god.
  2773 | D:3      | Became a worshipper of Uskayaw the Reveller
  2773 | D:3      | Reached * piety under Uskayaw
  2774 | D:3      | Quit the game

Illustrated notes

Levels and vault maps discovered:
D:1:      saegor_arrival_fortress, layout_basic, serial_curves, eino_curves_02,
          eino_curves_03, roderic_lattice_a
D:2:      layout_basic
D:3:      layout_loops_ring, lemuel_coloured_pillars_altar,
          dreamdust_ecumenical_altar_drowned_temple

Skill      XL: |  1  2  3 |
---------------+----------+-----
Armour         | 3 |  3.8
Axes           | 3 |  3.1
Shields        | 3 |  3.1
Fighting       | |  3.5
Dodging        | |  0.4
Stealth        | |  0.5

Action                   |  1- 3 |  4- 6 || total
-------------------------+-------+-------++-------
Melee: War axe           |    97 |    16 ||   113
       Headbutt          |    17 |     5 ||    22
  Use: Scroll            |     7 |       ||     7
Armor: Chain mail        |    65 |    13 ||    78
Dodge: Dodged            |    27 |     6 ||    33
Block: Buckler           |    34 |     4 ||    38

Table legend: (Time is in decaauts)
 A = Elapsed time spent in this place.
 B = Non-inter-level travel time spent in this place.
 C = Inter-level travel time spent in this place.
 D = Time resting spent in this place.
 E = Time spent auto-exploring this place.
 F = Levels seen in this place.
 G = Mean time per level.
                   A        B        C        D        E       F      G
               +--------+--------+--------+--------+--------+-----+--------+
         Total |   2824 |   2818 |      6 |    474 |   1901 |   3 |  941.3 |
       Dungeon |   2824 |   2818 |      6 |    474 |   1901 |   3 |  941.3 |
               +--------+--------+--------+--------+--------+-----+--------+

Top non-repeatable levels by time:
     D:1: 1314 daAuts
     D:2: 815 daAuts
     D:3: 693 daAuts
